 Dungeon Sprint DCSS version 0.27-a0-637-g3a9f0a9c12 (webtiles) character file.

Game seed: 6835275692204883283

48757 mhtbhm the Executioner (level 14, -21/155 HPs)
             Began as a Hill Orc Fighter on Mar 14, 2021.
             Was the Champion of Trog.
             Killed from afar by a Hell Sentinel (51 damage)
             ... with an iron shot
             ... in the Dungeon (Sprint VII: "The Pits").
             The game lasted 00:10:11 (4491 turns).

mhtbhm the Executioner (Hill Orc Fighter)           Turns: 4491, Time: 00:10:13

Health: -21/155    AC: 32    Str: 31    XL:     14   Next: 47%
Magic:  14/14      EV: 10    Int:  8    God:    Trog [******]
Gold:   20         SH: 17    Dex: 14    Spells: 13/13 levels left

rFire    + + .     SeeInvis .   a - +6 war axe (vorpal)
rCold    + + .     Faith    .   c - +0 kite shield
rNeg     . . .     Spirit   .   b - +2 gold dragon scales
rPois    +         Reflect  .   m - +1 helmet
rElec    +         Harm     .   o - scarf {rC+ rF+}
rCorr    .         Rampage  .   r - +2 pair of gloves
Will     +....     NoTele   +   E - +0 pair of boots {Fly}
Stlth    ..........             (no amulet)
HPRegen  0.35/turn              p - +3 ring of strength
MPRegen  0.14/turn              C - ring "Ukuegg" {rElec Str+6 Dex+4 Stlth+}

@: berserk cooldown, flying, slowed, very slow
A: screaming 1, weak 1
a: Stop Flying, Renounce Religion, Berserk, Trog's Hand, Brothers in Arms


You were in the Dungeon.
You worshipped Trog.
Trog was exalted by your worship.
You visited 1 branch You collected 20 gold pieces.

Inventory:

Hand Weapons
 a - a +6 vorpal war axe (weapon)
Missiles
 t - 7 poisoned darts (quivered)
 D - 17 silver javelins
Armour
 b - +2 gold dragon scales (worn)
 c - a +0 kite shield (worn)
 m - a +1 helmet (worn)
 o - a scarf of resistance (worn)
 r - a +2 pair of gloves (worn)
 E - a +0 pair of boots of flying (worn)
Jewellery
 p - a +3 ring of strength (right hand)
 u - a ring of protection from cold
 B - a ring of see invisible
 C - the ring "Ukuegg" (left hand) {rElec Str+6 Dex+4 Stlth+}
   (You found it in the Dungeon)

   [ring of strength]

   It affects your strength (+6).
   It affects your dexterity (+4).
   It insulates you from electricity.
   It makes you more stealthy.
Wands
 A - a wand of iceblast (8)
Scrolls
 j - 3 scrolls of blinking
 l - a scroll of summoning
 w - 3 scrolls of identify
 x - 4 scrolls of enchant weapon
 y - 4 scrolls of enchant armour
 z - a scroll of fog
Potions
 d - 2 potions of might
 e - 4 potions of curing
 f - 6 potions of heal wounds
 g - 5 potions of haste
 h - 4 potions of magic
 i - 6 potions of berserk rage
 k - a potion of invisibility
 n - a potion of attraction
 q - 4 potions of mutation
 v - a potion of resistance


   Skills:
 + Level 22.4 Fighting
 + Level 24.0 Axes
 + Level 18.5 Armour
 + Level 7.8 Dodging
 - Level 1.4 Stealth
 + Level 19.6 Shields


You had 13 spell levels left.
You didn't know any spells.
Your spell library was empty.

Dungeon Overview and Level Annotations

Branches:
Dungeon (1/1)

Altars:
Ashenzari
Cheibriados
Dithmenos
Elyvilon
Fedhas
Gozag
Hepliaklqana
Kikubaaqudgha
Makhleb
Nemelex Xobeh
Okawaru
Qazlal
Ru
Sif Muna
Trog
Uskayaw
Vehumet
Wu Jian
Xom
Yredelemnul
Zin
The Shining One
Beogh
Jiyva
Lugonu


Innate Abilities, Weirdness & Mutations

You occasionally shout uncontrollably at your foes.
You are weak. (Str -2)


Message History

You feel much better.
The electric golem hits you but does no damage.
You block the electric golem's attack. x2
The electric golem hits you but does no damage.
The Hell Sentinel gestures at you. The iron shot hits you!!
* * * LOW HITPOINT WARNING * * *
The electric golem completely misses you.
The electric golem barely misses you. The electric golem hits you.
* * * LOW HITPOINT WARNING * * *
The electric golem hits you but does no damage.
Unknown command.
You hit the Hell Sentinel but do no damage.
The Hell Sentinel is almost dead.
You slash the electric golem!
The electric golem hits you but does no damage. x2
You block the electric golem's attack. The electric golem barely misses you.
The Hell Sentinel closely misses you. You block the Hell Sentinel's attack.
The electric golem hits you but does no damage.
The electric golem closely misses you.
The electric golem hits you but does no damage.
The electric golem barely misses you.
Unknown command.
You hit the Hell Sentinel but do no damage.
The Hell Sentinel is almost dead.
You miss the electric golem.
The electric golem hurls lightning at you.
The bolt of lightning hits you! You resist.
* * * LOW HITPOINT WARNING * * *
The bolt of lightning hits the Hell Sentinel.
The Hell Sentinel completely resists.
You block the Hell Sentinel's attack.
The Hell Sentinel hits you but does no damage.
Unknown command.
You slash the Hell Sentinel!
The Hell Sentinel is almost dead.
You hit the electric golem. The electric golem barely misses you.
You block the electric golem's attack.
The electric golem closely misses you. x2
The Hell Sentinel gestures at you. The iron shot hits you!!!
You die...

#+#
##.##
#...#
...
#1#
#@#
#8#
#)#
#.#
#'#
#.#
#'#
#.#
#'#


You could see a Hell Sentinel and an electric golem.

Vanquished Creatures
  A lich (D)
  A deep elf master archer (D)
  A titan (D)
  An azure jelly (D)
  An orc warlord (D)
  2 ghouls (D)
  2 stone giants (D)
  A war gargoyle (D)
  An apis (D)
  A black draconian (D)
  Azrael (D)
  A green death (D)
  A merfolk javelineer (D)
  A mummy priest (D)
  2 boulder beetles (D)
  A yaktaur captain (D)
  3 naga warriors (D)
  3 vault guards (D)
  Erica (D)
  A two-headed ogre (D)
  A dancing weapon (D)
  2 hell knights (D)
  A deep elf knight (D)
  A sea snake (D)
  A sixfirhy (D)
  A deep troll (D)
  3 bog bodies (D)
  Pikel (D)
  7 orc knights (D)
  A necromancer (D)
  A deep elf zephyrmancer (D)
  A cyclops (D)
  A manticore (D)
  A naga mage (D)
  A gargoyle (D)
  A hellion (D)
  A cane toad (D)
  3 yaktaurs (D)
  A freezing wraith (D)
  A demonic crawler (D)
  2 guardian mummies (D)
  A kobold demonologist (D)
  An ice devil (D)
  A jumping spider (D)
  A wandering mushroom (D)
  A troll (D)
  A hornet (D)
  3 merfolk (D)
  A snapping turtle (D)
  A redback (D)
  A wraith (D)
  A ynoxinul (D)
  A large abomination (D)
  A neqoxec (D)
  2 fire elementals (D)
  A warg (D)
  3 nagas (D)
  5 hell hounds (D)
  2 swamp drakes (D)
  An orc warrior (D)
  An ice beast (D)
  A necrophage (D)
  3 centaurs (D)
  2 phantoms (D)
  2 kobold brigands (D)
  An earth elemental (D)
  A gnoll sergeant (D)
  5 killer bees (D)
  3 wights (D)
  2 quasits (D)
  An iron imp (D)
  2 orc priests (D)
  Crazy Yiuf (D)
  A gnoll shaman (D)
  2 worker ants (D)
  An orc wizard (D)
  A hell rat (D)
  A mummy (D)
  5 gnolls (D)
  An ufetubus (D)
  An ooze (D)
  A worm (D)
  A leopard gecko (D)
  14 orcs (D)
  A goblin (D)
  6 kobolds (D)
  2 quokkas (D)
  A bat simulacrum (D)
  2 rats (D)
155 creatures vanquished.

Vanquished Creatures (collateral kills)
  An orc warlord (D)
  An ogre mage (D)
  4 two-headed ogres (D)
  5 orc knights (D)
  A hellwing (D)
12 creatures vanquished.

Vanquished Creatures (others)
  A wight (D)
  A gnoll (D)
  A giant cockroach (D)
3 creatures vanquished.

Grand Total: 170 creatures vanquished

Notes
Turn   | Place    | Note
-------+----------+-------------------------------------------
     0 | D        | mhtbhm the Hill Orc Fighter began the quest for the Orb.
     0 | D        | Reached XP level 1. HP: 19/19 MP: 1/1
    20 | D        | Found a bloodstained altar of Trog.
    20 | D        | Found a shimmering blue altar of Sif Muna.
    20 | D        | Found a viscous altar of Jiyva.
    20 | D        | Found a hazy altar of Hepliaklqana.
    20 | D        | Found an opulent altar of Gozag.
    21 | D        | Found a glowing golden altar of the Shining One.
    21 | D        | Found a glowing silver altar of Zin.
    21 | D        | Found a basalt altar of Yredelemnul.
    21 | D        | Found a shimmering altar of Xom.
    21 | D        | Found an ornate altar of the Wu Jian Council.
    21 | D        | Found a sacrificial altar of Ru.
    21 | D        | Found a stormy altar of Qazlal.
    21 | D        | Found an iron altar of Okawaru.
    21 | D        | Found a sparkling altar of Nemelex Xobeh.
    21 | D        | Found a burning altar of Makhleb.
    21 | D        | Found a blossoming altar of Fedhas.
    21 | D        | Found a white marble altar of Elyvilon.
    21 | D        | Found a shadowy altar of Dithmenos.
    21 | D        | Found a snail-covered altar of Cheibriados.
    24 | D        | Found a corrupted altar of Lugonu.
    24 | D        | Found a radiant altar of Vehumet.
    24 | D        | Found a roughly hewn altar of Beogh.
    25 | D        | Became a worshipper of Trog the Wrathful
    29 | D        | Found a hide-covered altar of Uskayaw.
    29 | D        | Found an ancient bone altar of Kikubaaqudgha.
    29 | D        | Found a broken altar of Ashenzari.
    68 | D        | Reached skill level 3 in Axes
    69 | D        | Reached XP level 2. HP: 28/28 MP: 2/2
    74 | D        | Reached * piety under Trog
    86 | D        | Reached skill level 5 in Fighting
    86 | D        | Reached skill level 5 in Armour
    86 | D        | Reached skill level 5 in Shields
    86 | D        | Reached XP level 3. HP: 36/36 MP: 3/3
    87 | D        | Reached ** piety under Trog
   101 | D        | Reached skill level 4 in Axes
   345 | D        | Noticed an ice beast
   345 | D        | Noticed a centaur
   345 | D        | Noticed Crazy Yiuf
   347 | D        | Noticed a phantom
   349 | D        | Noticed a gnoll sergeant
   352 | D        | Killed an ice beast
   353 | D        | Reached skill level 5 in Axes
   353 | D        | Reached skill level 1 in Dodging
   353 | D        | Reached XP level 4. HP: 47/47 MP: 4/4
   353 | D        | Reached XP level 5. HP: 52/52 MP: 5/5
   357 | D        | Reached *** piety under Trog
   358 | D        | Reached skill level 6 in Axes
   359 | D        | Killed a centaur
   360 | D        | Reached skill level 7 in Axes
   360 | D        | Reached XP level 6. HP: 61/61 MP: 6/6
   379 | D        | Reached skill level 8 in Axes
   388 | D        | Reached **** piety under Trog
   390 | D        | Reached skill level 9 in Axes
   390 | D        | Paralysed by Crazy Yiuf for 7 turns
   400 | D        | Killed Crazy Yiuf
   712 | D        | Reached ***** piety under Trog
   713 | D        | Reached XP level 7. HP: 68/69 MP: 7/7
   715 | D        | Noticed a guardian mummy
   726 | D        | Killed a guardian mummy
   727 | D        | Reached skill level 10 in Axes
   751 | D        | Noticed Pikel
   772 | D        | Killed Pikel
   773 | D        | Reached skill level 11 in Axes
   773 | D        | Reached skill level 10 in Armour
   773 | D        | Reached skill level 1 in Stealth
   773 | D        | Reached skill level 10 in Shields
   773 | D        | Reached XP level 8. HP: 76/78 MP: 8/8
   781 | D        | Reached skill level 12 in Axes
   903 | D        | Noticed a bog body
   903 | D        | Noticed a hellwing
   908 | D        | Received a gift from Trog
   915 | D        | Killed a bog body
   916 | D        | Reached skill level 10 in Fighting
   916 | D        | Reached skill level 13 in Axes
   916 | D        | Reached XP level 9. HP: 17/85 MP: 9/9
   921 | D        | HP: 5/127 [hellwing (10)]
   931 | D        | Killed a hellwing
  1310 | D        | Noticed an orc knight
  1316 | D        | Reached ****** piety under Trog
  1321 | D        | Killed an orc knight
  1322 | D        | Reached skill level 14 in Axes
  1381 | D        | Noticed a freezing wraith
  1395 | D        | Received a gift from Trog
  1398 | D        | Killed a freezing wraith
  1517 | D        | Noticed a boulder beetle
  1517 | D        | Noticed Erica
  1523 | D        | Killed Erica
  1524 | D        | Reached skill level 15 in Axes
  1524 | D        | Reached XP level 10. HP: 95/95 MP: 10/10
  1532 | D        | Killed a boulder beetle
  1568 | D        | Noticed a manticore
  1568 | D        | Noticed a sea snake
  1576 | D        | Killed a sea snake
  1577 | D        | Reached skill level 16 in Axes
  1579 | D        | Received a gift from Trog
  1585 | D        | Killed a manticore
  2009 | D        | Noticed a bog body
  2010 | D        | Noticed a war gargoyle
  2010 | D        | Noticed a naga mage
  2018 | D        | Killed a war gargoyle
  2019 | D        | Reached skill level 17 in Axes
  2019 | D        | Reached XP level 11. HP: 75/105 MP: 11/11
  2022 | D        | Received a gift from Trog
  2027 | D        | Killed a bog body
  2028 | D        | Reached skill level 18 in Axes
  2028 | D        | Reached skill level 5 in Dodging
  2248 | D        | Noticed a cyclops
  2248 | D        | Noticed a boulder beetle
  2248 | D        | Noticed a deep troll
  2250 | D        | Received a gift from Trog
  2261 | D        | Killed a cyclops
  2262 | D        | Received a gift from Trog
  2267 | D        | Received a gift from Trog
  2271 | D        | Killed a boulder beetle
  2275 | D        | Received a gift from Trog
  2277 | D        | Killed a deep troll
  2278 | D        | Reached skill level 15 in Armour
  2549 | D        | Noticed a merfolk javelineer
  2549 | D        | Noticed a hell knight
  2549 | D        | Noticed a necromancer
  2549 | D        | Noticed a hell knight
  2558 | D        | Killed a merfolk javelineer
  2559 | D        | Reached skill level 15 in Fighting
  2559 | D        | Reached skill level 19 in Axes
  2559 | D        | Reached skill level 15 in Shields
  2563 | D        | Killed a hell knight
  2565 | D        | Killed a hell knight
  2566 | D        | Reached XP level 12. HP: 122/122 MP: 12/12
  2566 | D        | Received a gift from Trog
  2578 | D        | Got the ring "Ukuegg" {rElec Str+6 Dex+4 Stlth+}
  2759 | D        | Identified the +10 hand axe "Worm" {flame, rElec rC+} (Trog
                  | gifted it to you in the Dungeon)
  2759 | D        | Received a gift from Trog
  2820 | D        | Received a gift from Trog
  2860 | D        | Gained mutation: You occasionally shout uncontrollably at
                  | your foes. [a neqoxec]
  2864 | D        | Gained mutation: You are weak. (Str -2) [a neqoxec]
  2913 | D        | Noticed a ghoul
  2913 | D        | Noticed a ghoul
  2922 | D        | Received a gift from Trog
  2927 | D        | Killed a ghoul
  2928 | D        | Reached skill level 20 in Axes
  2931 | D        | Killed a ghoul
  3004 | D        | Noticed a green death
  3012 | D        | Killed a green death
  3226 | D        | Noticed a mummy priest
  3230 | D        | Killed a mummy priest
  3305 | D        | Noticed an ogre mage
  3305 | D        | Noticed a two-headed ogre
  3305 | D        | Noticed a two-headed ogre
  3305 | D        | Noticed a two-headed ogre
  3305 | D        | Noticed a two-headed ogre
  3305 | D        | Noticed a two-headed ogre
  3305 | D        | Noticed an orc warlord
  3306 | D        | Noticed an orc warlord
  3306 | D        | Killed a two-headed ogre
  3307 | D        | Killed a two-headed ogre
  3308 | D        | Killed a two-headed ogre
  3309 | D        | Killed a two-headed ogre
  3311 | D        | Killed a two-headed ogre
  3312 | D        | Reached XP level 13. HP: 136/136 MP: 13/13
  3313 | D        | Received a gift from Trog
  3321 | D        | Killed an orc warlord
  3322 | D        | Reached skill level 21 in Axes
  3324 | D        | Received a gift from Trog
  3332 | D        | Killed an orc warlord
  3386 | D        | Noticed a vault guard
  3398 | D        | Noticed a yaktaur captain
  3399 | D        | Killed a vault guard
  3408 | D        | Killed a yaktaur captain
  3408 | D        | Received a gift from Trog
  3434 | D        | Received a gift from Trog
  3641 | D        | Noticed a vault guard
  3646 | D        | Noticed a deep elf master archer
  3648 | D        | Noticed Azrael
  3655 | D        | Killed a vault guard
  3656 | D        | Reached skill level 22 in Axes
  3658 | D        | Noticed a vault guard
  3663 | D        | Received a gift from Trog
  3668 | D        | Killed a deep elf master archer
  3672 | D        | Killed a vault guard
  3675 | D        | Killed Azrael
  3675 | D        | Received a gift from Trog
  3676 | D        | Reached XP level 14. HP: 151/151 MP: 14/14
  4013 | D        | Noticed a titan
  4017 | D        | Killed a titan
  4018 | D        | Reached skill level 23 in Axes
  4077 | D        | Noticed an azure jelly
  4081 | D        | Killed an azure jelly
  4333 | D        | Noticed a lich
  4343 | D        | Killed a lich
  4343 | D        | Received a gift from Trog
  4447 | D        | Noticed a stone giant
  4447 | D        | Noticed an apis
  4447 | D        | Noticed a Hell Sentinel
  4447 | D        | Noticed a black draconian
  4447 | D        | Noticed an electric golem
  4447 | D        | Noticed a stone giant
  4457 | D        | Killed a black draconian
  4464 | D        | Killed a stone giant
  4473 | D        | Killed an apis
  4477 | D        | Killed a stone giant
  4478 | D        | Reached skill level 24 in Axes
  4491 | D        | Killed from afar by a Hell Sentinel

Illustrated notes

Levels and vault maps discovered:
D:        pitsprint [storerooms_1, entrance_room_1, metal_vault_1, armoury_2,
          mini_pit_1, grid_room_1, main_hall_1, silver_pit, the_coven_3,
          the_vestibule_1, steel_vault_1, golden_pit, hallway_of_sentries,
          crystal_vault_1, iron_vault_4, final_vault]

Skill      XL: |  1  2  3  4  5  6  7  8  9 10 11 12 13 14 |
---------------+-------------------------------------------+-----
Fighting       | 4 5 7 8 9 10 11 12 15 18 21 22 | 22.4
Axes           | 3 5 7 9 11 13 15 17 19 20 22 24 | 24.0
Armour         | 4 5 6 7 8 10 11 12 14 15 16 17 18 | 18.5
Shields        | 4 5 6 7 8 10 11 12 13 15 17 18 19 | 19.6
Dodging        | 1 2 3 4 5 6 7 |  7.8
Stealth        | 1 |  1.4

Action                   |  1- 3 |  4- 6 |  7- 9 | 10-12 | 13-15 || total
-------------------------+-------+-------+-------+-------+-------++-------
Melee: Hand axe          |    27 |    37 |    74 |       |       ||   138
       War axe           |     1 |       |     4 |   145 |   132 ||   282
       Broad axe         |       |       |    21 |       |       ||    21
Invok: Berserk           |     2 |     1 |     5 |    10 |     6 ||    24
       Brothers in Arms  |       |       |     1 |     3 |     1 ||     5
       Trog's Hand       |       |       |       |     1 |       ||     1
  Use: Potion            |       |     6 |     1 |     2 |     3 ||    12
       Scroll            |       |       |       |     1 |       ||     1
 Stab: Confused          |       |       |       |     1 |       ||     1
       Invisible         |       |       |       |     2 |    10 ||    12
       Distracted        |       |       |       |       |     1 ||     1
Armor: Scale mail        |    10 |       |       |       |       ||    10
       Chain mail        |     2 |    42 |    50 |    35 |    14 ||   143
       Gold dragon scale |       |       |       |       |    33 ||    33
Dodge: Dodged            |     9 |    11 |    29 |    47 |    39 ||   135
Block: Kite shield       |    14 |    30 |    66 |    97 |    74 ||   281

Table legend: (Time is in decaauts)
 A = Elapsed time spent in this place.
 B = Non-inter-level travel time spent in this place.
 C = Inter-level travel time spent in this place.
 D = Time resting spent in this place.
 E = Time spent auto-exploring this place.
 F = Levels seen in this place.
 G = Mean time per level.
                   A        B        C        D        E       F      G
               +--------+--------+--------+--------+--------+-----+--------+
         Total |   4628 |   4628 |      0 |   2464 |    532 |   1 | 4628.0 |
       Dungeon |   4628 |   4628 |      0 |   2464 |    532 |   1 | 4628.0 |
               +--------+--------+--------+--------+--------+-----+--------+

Top non-repeatable levels by time:
       D: 4628 daAuts
